 Dungeon Crawl Stone Soup version 0.31-a0-544-gceb718ecc6 (webtiles) character file.

Game seed: 410587638187234760

177 Demosthentine the Ducker (level 5, 0/41 HPs)
             Began as a Demonspawn Gladiator on Aug 15, 2023.
             Slain by Grinder (8 damage)
             ... on level 3 of the Dungeon.
             The game lasted 00:02:58 (2038 turns).

Demosthentine the Ducker (Demonspawn Gladiator)     Turns: 2038, Time: 00:02:59

Health: 0/41       AC:  3    Str: 20    XL:     5   Next: 31%
Magic:  5/5        EV: 12    Int:  9    God:
Gold:   128        SH:  0    Dex: 13    Spells: 4/4 levels left

rFire   . . .        a - +0 trident
rCold   . . .        (no shield)
rNeg    . . .        b - +0 leather armour
rPois   .            (helmet restricted)
rElec   .            (no cloak)
rCorr   .            (no gloves)
SInv    .            (no boots)
Will    .....        (no amulet)
Stlth   +            (no ring)
HPRegen 0.26/turn    (no ring)
MPRegen 0.09/turn

%: no passive effects
@: no status effects
A: hooves 1, horns 1, strong 1
a: no special abilities


You were on level 3 of the Dungeon.
You visited 1 branch of the dungeon, and saw 3 of its levels.

You collected 128 gold pieces.

Inventory:

Hand Weapons
 a - a +0 trident (weapon)
Missiles
 d - 3 throwing nets (quivered)
 e - a javelin
Armour
 b - a +0 leather armour (worn)
 c - a +0 helmet
Jewellery
 h - a ring of ice
Scrolls
 g - 3 scrolls of blinking
Potions
 f - 3 potions of mutation
 i - a potion of curing {unknown}
 j - a potion of degeneration {unknown}
 k - a potion of resistance {unknown}


   Skills:
 + Level 3.2 Fighting
 + Level 3.6 Polearms
 - Level 1.7 Throwing
 + Level 2.0 Armour
 + Level 3.6 Dodging


You had 4 spell levels left.
You didn't know any spells.
Your spell library was empty.

Dungeon Overview and Level Annotations

Branches:
Dungeon (3/15)

Altars:
Yredelemnul

Annotations:
D:3 Grinder


Innate Abilities, Weirdness & Mutations

You have large cloven feet.
You have a pair of small horns on your head.
Your muscles are strong. (Str +4, Int/Dex -1)


Message History

There are monsters nearby!
You puncture the orc!
You kill the orc!
Grinder closely misses you.
You hit Grinder. Your kick misses Grinder.
Grinder is heavily wounded.
Grinder hits you but does no damage.
You hit Grinder but do no damage. You kick Grinder, but do no damage.
Grinder is heavily wounded.
Grinder hits you!
You writhe in agony.
You hit Grinder.
Grinder is heavily wounded.
Grinder misses you.
You hit Grinder but do no damage. Your kick misses Grinder.
Grinder is heavily wounded.
Grinder closely misses you.
You hit Grinder. Your kick misses Grinder.
Grinder is severely wounded.
Grinder hits you.
You hit Grinder.
Grinder is severely wounded.
Grinder hits you!
You barely miss Grinder. Your kick misses Grinder.
Grinder is severely wounded.
Grinder hits you but does no damage.
You hit Grinder. Your kick misses Grinder.
Grinder is severely wounded.
Grinder hits you but does no damage. Grinder barely misses you.
You hit Grinder but do no damage.
Grinder is severely wounded.
Grinder hits you!
* * * LOW HITPOINT WARNING * * *
You writhe in agony.
* * * LOW HITPOINT WARNING * * *
It was a potion of mutation.
You feel extremely strange. A pair of horns grows on your head!
Your +0 helmet falls away!
You feel stronger. Grinder hits you!
You die...

###### ..... ...
####)#
##########.5@.#
##...........####.
#....#.....####....
#.....#..........#
......#.....###### .
......#..†..####....
).....##.##......#
..######.##.######
............#


You could see Grinder.

Vanquished Creatures
  An orc priest (D:2)
  An iguana (D:3)
  6 adders
  2 dart slugs
  8 orcs
  3 ball pythons (D:1)
  2 bats (D:2)
  3 endoplasms
  4 giant cockroaches
  7 goblins
  7 hobgoblins
  7 kobolds
  2 quokkas
  A frilled lizard (D:1)
  3 rats
57 creatures vanquished.

Notes
Turn   | Place    | Note
-------+----------+-------------------------------------------
     0 | D:1      | Demosthentine the Demonspawn Gladiator began the quest for
                  | the Orb.
     0 | D:1      | Reached XP level 1. HP: 16/16 MP: 1/1
   133 | D:1      | Gained mutation: You have large cloven feet. [demonic
                  | ancestry]
   133 | D:1      | Reached XP level 2. HP: 20/22 MP: 2/2
   774 | D:2      | Found a basalt altar of Yredelemnul.
   877 | D:2      | Reached skill level 1 in Armour
   894 | D:2      | Reached XP level 3. HP: 28/28 MP: 3/3
  1095 | D:2      | Reached XP level 4. HP: 21/34 MP: 4/4
  1331 | D:2      | Identified the +9 dagger of a Labyrinth {pain, rF- rN+
                  | Int+6 Dex+4}
  1857 | D:3      | Reached XP level 5. HP: 39/41 MP: 5/5
  2022 | D:3      | Noticed Grinder
  2038 | D:3      | Gained mutation: You have a pair of small horns on your
                  | head. [potion of mutation]
  2038 | D:3      | Gained mutation: Your muscles are strong. (Str +4, Int/Dex
                  | -1) [potion of mutation]
  2038 | D:3      | Slain by Grinder

Illustrated notes

Levels and vault maps discovered:
D:1:      heliophobic_arrival_henge, layout_basic, serial_glass,
          glass_columns_c, glass_columns_c
D:2:      layout_basic, basic_altar, minmay_stone_trees_medium
D:3:      layout_rooms, uniq_grinder

Skill      XL: |  1  2  3  4  5 |
---------------+----------------+-----
Dodging        | 3 |  3.6
Polearms       | 3 |  3.6
Armour         | 1 2 |  2.0
Fighting       | 3 |  3.2
Throwing       | |  1.7

Action                     |  1- 3 |  4- 6 || total
---------------------------+-------+-------++-------
  Melee: Trident           |   100 |    84 ||   184
         Kick              |     9 |    15 ||    24
         Punch             |     1 |     1 ||     2
    Use: Scroll            |     2 |       ||     2
         Potion            |       |     1 ||     1
   Stab: Sleeping          |     2 |     1 ||     3
 Armour: Leather armour    |    22 |    20 ||    42
  Dodge: Dodged            |    48 |    44 ||    92

Table legend: (Time is in decaauts)
 A = Elapsed time spent in this place.
 B = Non-inter-level travel time spent in this place.
 C = Inter-level travel time spent in this place.
 D = Time resting spent in this place.
 E = Time spent auto-exploring this place.
 F = Levels seen in this place.
 G = Mean time per level.
                   A        B        C        D        E       F      G
               +--------+--------+--------+--------+--------+-----+--------+
         Total |   2065 |   1972 |     93 |     55 |   1551 |   3 |  688.3 |
       Dungeon |   2065 |   1972 |     93 |     55 |   1551 |   3 |  688.3 |
               +--------+--------+--------+--------+--------+-----+--------+

Top non-repeatable levels by time:
     D:2: 990 daAuts
     D:1: 760 daAuts
     D:3: 314 daAuts
